 Dungeon Crawl Stone Soup version 0.20-a0-555-gf6ae02d (webtiles) character file.

2940 M4edhros the Covert (level 9, -1/56 HPs)
             Began as an Octopode Artificer on Feb 4, 2017.
             Was a Priest of Cheibriados.
             Slain by a two-headed ogre
             ... wielding a +0 giant club
              (5 damage)
             ... on level 8 of the Dungeon.
             The game lasted 00:17:51 (6417 turns).

M4edhros the Covert (Octopode Artificer)            Turns: 6417, Time: 00:17:51

Health: -1/56      AC:  3    Str: 23      XL:     9   Next: 80%
Magic:  22/22      EV: 15    Int: 25      God:    Cheibriados [***...]
Gold:   361        SH:  5    Dex: 24 (25) Spells: 7/14 levels left

rFire    . . .     SeeInvis .     - Unarmed
rCold    + . .     Gourm    .   M - +0 buckler
rNeg     + . .     Faith    .   (helmet restricted)
rPois    .         Spirit   .   E - amulet "Faet" {+Inv Regen+}
rElec    .         Reflect  .   j - ring of magical power
rCorr    .         Harm     .   o - +4 ring of intelligence
MR       .....                  r - ring of protection from cold
Stlth    ++++++....             B - ring of positive energy
Regen    0.6/turn               m - +3 ring of strength
                                D - ring of wizardry
                                (no ring)
                                (no ring)

@: very slow
A: almost no armour, stealthy swim, amphibious, 8 rings, constrict 8, antennae
1, tentacle spike 2, iridescent scales 1, camouflage 1, agile 1, screaming 1,
gelatinous body 1
a: Bend Time, Temporal Distortion, Renounce Religion, Evoke Invisibility


You were on level 8 of the Dungeon.
You worshipped Cheibriados.
Cheibriados was most pleased with you.
You were not hungry.

You visited 2 branches of the dungeon, and saw 10 of its levels.

You collected 361 gold pieces.

Inventory:

Hand Weapons
 k - a +0 hunting sling
 n - a +0 trident
 x - a +0 short sword
 z - a +2 flail of protection
Missiles
 f - 4 javelins
 l - 26 sling bullets
 t - 253 stones (quivered)
 C - a throwing net
Armour
 M - a +0 buckler (worn)
Jewellery
 j - a ring of magical power (left tentacle)
 m - a +3 ring of strength (on tentacle)
 o - a +4 ring of intelligence (right tentacle)
 r - a ring of protection from cold (on tentacle)
 B - a ring of positive energy (on tentacle)
 D - a ring of wizardry (on tentacle)
 E - the amulet "Faet" (around mantle) {+Inv Regen+}
   (You found it on level 6 of the Dungeon)

   [amulet of regeneration]

   It lets you turn invisible.
   It increases your rate of regeneration.
Wands
 c - a wand of enslavement (0/24)
 X - a wand of flame (4/48)
Scrolls
 a - a scroll of recharging {unknown}
 h - 5 scrolls of remove curse
 v - a scroll of random uselessness {unknown}
 y - a scroll of teleportation {unknown}
 F - a scroll of immolation
Potions
 e - 2 potions of flight
 i - 2 potions of magic
 q - a potion of berserk rage
 s - a potion of cure mutation
 H - a potion of agility
 J - a potion of haste {unknown}
 L - a potion of curing {unknown}
Books
 u - a book of Changes

   Spells                             Type                      Level
   a - Beastly Appendage              Transmutation                1
   b - Sticks to Snakes               Transmutation                2
   c - Spider Form                    Transmutation/Poison         3
   d - Ice Form                       Ice/Transmutation            4
   e - Blade Hands                    Transmutation                5
Comestibles
 p - 13 fruits
 w - 4 bread rations
 Z - 3 meat rations


   Skills:
 + Level 3.0 Fighting
 - Level 1.0 Short Blades
 - Level 7.3 Slings
 + Level 3.7 Dodging
 + Level 9.5 Stealth
 * Level 1.7 Shields
 * Level 4.0 Unarmed Combat
 * Level 3.0 Spellcasting
 * Level 3.2 Transmutations
 * Level 1.0 Invocations
 + Level 4.5 Evocations


You had 7 spell levels left.
You knew the following spells:

 Your Spells              Type           Power        Failure   Level  Hunger
a - Ice Form              Ice/Tmut       ##......     45%         4    ####...
b - Spider Form           Tmut/Pois      ##........   10%         3    ###....


Dungeon Overview and Level Annotations

Branches:
Dungeon (9/15)             Temple (1/1) D:6            Lair (0/6) D:8
    Orc: D:9-12

Altars:
Ashenzari
Cheibriados
Dithmenos
Elyvilon
Fedhas
Gozag
Hepliaklqana
Kikubaaqudgha
Makhleb
Nemelex Xobeh
Okawaru
Qazlal
Ru
Sif Muna
Trog
Uskayaw
Vehumet
Xom
Yredelemnul
Zin
The Shining One


Innate Abilities, Weirdness & Mutations

You cannot wear most types of armour.
You are very stealthy in the water. (Stealth+)
You are amphibious.
You can wear up to eight rings at the same time.
You can use your tentacles to constrict eight enemies at once.
Your skin changes colour to match your surroundings (Stealth+).
Your rubbery body absorbs attacks. (AC +1, EV +1)
You have a pair of small antennae on your head.
One of your tentacles bears a nasty spike.
You are partially covered in iridescent scales. (AC +2)
You are agile. (Dex +2)
You occasionally shout uncontrollably at your foes.


Message History

Your tentacle spike misses the two-headed ogre.
Your squeeze misses the two-headed ogre.
The two-headed ogre is severely wounded.
The two-headed ogre hits you with a giant club!
The two-headed ogre misses you.
You barely miss the two-headed ogre.
You pierce the two-headed ogre, but do no damage.
Your squeeze misses the two-headed ogre.
The two-headed ogre is severely wounded.
The two-headed ogre hits you with a giant club!!
The two-headed ogre hits you with a giant club!
* * * LOW HITPOINT WARNING * * *
Okay, then.
You tentacle-slap the two-headed ogre.
You pierce the two-headed ogre, but do no damage.
You squeeze the two-headed ogre!
The two-headed ogre is almost dead.
The two-headed ogre closely misses you.
The two-headed ogre hits you with a giant club.
You die...

##+####
#.....##(#
#...((((..
########.....##.
........@O......#
#####...........
#.####.##### #.#
#.# #.# #.# #.#
#.#
#.####.#####.#
#>............
######.#####.


You could see a two-headed ogre.

Vanquished Creatures
  The ghost of M4edhros the Covert, a novice OpAr of Gozag (D:7)
  Menkaure (D:5)
  Edmund (D:5)
  A water moccasin (D:5)
  A sky beast (D:8)
  3 ogres
  2 big kobolds (D:8)
  3 bullfrogs
  A wyvern skeleton (D:7)
  4 killer bees (D:8)
  3 wights (D:7)
  The ghost of M4edhros the Charlatan, a weakling OpAr (D:3)
  A quasit (D:8)
  Crazy Yiuf (D:4)
  3 bullfrog skeletons
  A gnoll shaman (D:8)
  An orc priest (D:6)
  3 hounds
  3 orc wizards
  Natasha (thrice) (D:4)
  An iguana (D:4)
  2 worker ants
  2 hound zombies
  23 gnolls
  8 adders
  A shadow imp (D:3)
  4 oozes
  An adder skeleton (D:4)
  A worm (D:3)
  3 dart slugs
  4 leopard geckos
  17 orcs
  A ball python (D:4)
  2 bats
  5 giant cockroaches
  8 goblins
  6 hobgoblins
  12 jackals
  12 kobolds
  8 quokkas
  3 frilled lizards
  A jackal zombie (D:5)
  6 rats
169 creatures vanquished.

Vanquished Creatures (collateral kills)
  A hound (D:5)
  A gnoll shaman (D:5)
  5 gnolls
  2 orcs (D:4)
  A jackal (D:2)
10 creatures vanquished.

Vanquished Creatures (others)
  2 worker ants
  2 orcs (D:4)
  A jackal (D:2)
  A rat (D:2)
6 creatures vanquished.

Grand Total: 185 creatures vanquished

Notes
Turn   | Place    | Note
-------+----------+-------------------------------------------
     0 | D:1      | M4edhros the Octopode Artificer began the quest for the Orb.
     0 | D:1      | Reached XP level 1. HP: 13/13 MP: 3/3
   129 | D:1      | Reached skill level 2 in Stealth
   159 | D:1      | Reached XP level 2. HP: 15/18 MP: 4/4
   160 | D:1      | Reached skill level 3 in Stealth
   342 | D:2      | Reached skill level 4 in Stealth
   358 | D:2      | Reached XP level 3. HP: 4/23 MP: 5/5
   359 | D:2      | HP: 1/23 [rat (3)]
   720 | D:4      | Reached skill level 1 in Slings
   720 | D:4      | Reached XP level 4. HP: 23/28 MP: 6/6
   749 | D:4      | Noticed an ogre
   752 | D:4      | Killed an ogre
   752 | D:4      | Reached skill level 5 in Stealth
   752 | D:4      | Reached XP level 5. HP: 23/33 MP: 7/7
   791 | D:4      | Noticed an ogre
   822 | D:4      | Killed an ogre
   822 | D:4      | Reached skill level 6 in Stealth
   822 | D:4      | Reached XP level 6. HP: 33/38 MP: 8/8
   889 | D:4      | Found a runed door.
  1917 | D:4      | Noticed Natasha
  1939 | D:4      | Killed Natasha
  2297 | D:4      | Noticed Natasha
  2304 | D:4      | Killed Natasha
  2304 | D:4      | Reached skill level 5 in Slings
  2304 | D:4      | Reached XP level 7. HP: 17/43 MP: 9/9
  2609 | D:4      | Noticed Crazy Yiuf
  2615 | D:4      | Killed Crazy Yiuf
  2737 | D:4      | Noticed Natasha
  2751 | D:4      | Killed Natasha
  2751 | D:4      | Reached skill level 7 in Stealth
  2965 | D:5      | Entered Level 5 of the Dungeon
  2965 | D:5      | Noticed Menkaure
  3018 | D:5      | Killed Menkaure
  3050 | D:5      | Learned a level 4 spell: Ice Form
  3154 | D:5      | Noticed Edmund
  3163 | D:5      | Killed Edmund
  3425 | D:5      | Reached XP level 8. HP: 26/48 MP: 10/10
  3459 | D:5      | Reached skill level 8 in Stealth
  4254 | D:6      | Got a faintly glowing brass amulet
  4256 | D:6      | Identified the amulet "Faet" {+Inv Regen+} (You found it on level 6 of the Dungeon)
  4313 | D:6      | Found a staircase to the Ecumenical Temple.
  4329 | Temple   | Entered the Ecumenical Temple
  4369 | Temple   | Became a worshipper of Cheibriados the Contemplative
  4555 | D:3      | Noticed M4edhros's ghost (weakling OpAr)
  4569 | D:3      | Killed M4edhros's ghost
  4569 | D:3      | Reached skill level 1 in Unarmed Combat
  4588 | D:3      | Learned a level 3 spell: Spider Form
  4633 | D:3      | Reached * piety under Cheibriados
  5089 | D:2      | Reached ** piety under Cheibriados
  5361 | D:7      | Found a blossoming altar of Fedhas.
  5400 | D:7      | Noticed M4edhros's ghost (novice OpAr)
  5414 | D:7      | Gained mutation: One of your tentacles bears a spike. [potion of mutation]
  5414 | D:7      | Gained mutation: You have a pair of small antennae on your head. [potion of mutation]
  5414 | D:7      | Gained mutation: Your magical capacity is low. (-10% MP) [potion of mutation]
  5415 | D:7      | Gained mutation: You occasionally shout uncontrollably at your foes. [potion of mutation]
  5415 | D:7      | Lost mutation: Your magical capacity is low. (-10% MP) [potion of mutation]
  5431 | D:7      | Killed M4edhros's ghost
  5431 | D:7      | Reached skill level 9 in Stealth
  5431 | D:7      | Reached XP level 9. HP: 29/55 MP: 12/12
  5640 | D:8      | Reached skill level 1 in Shields
  5681 | D:8      | Lost mutation: One of your tentacles bears a spike. [mutagenic meat]
  5682 | D:8      | Gained mutation: One of your tentacles bears a spike. [mutagenic meat]
  5683 | D:8      | Gained mutation: You are partially covered in iridescent scales. (AC +2) [mutagenic meat]
  5684 | D:8      | Gained mutation: One of your tentacles bears a nasty spike. [mutagenic meat]
  5685 | D:8      | Gained mutation: You are agile. (Dex +2) [mutagenic meat]
  5891 | D:8      | Reached *** piety under Cheibriados
  6019 | D:8      | Found a staircase to the Lair.
  6266 | D:8      | Reached skill level 1 in Invocations
  6403 | D:8      | Noticed a two-headed ogre
  6417 | D:8      | Slain by a two-headed ogre

Vault maps used:
D:1:      noname_arrival_rooms_in_the_neighbourhood
D:2:      minmay_vboxes
D:3:      serial_curves, eino_curves_04, eino_curves_04
D:4:      uniq_crazy_yiuf_cottage, uniq_natasha
D:5:      first_bread, uniq_menkaure, uniq_edmund
D:6:      minmay_temple_entry_glass
D:7:      basic_altar
D:8:      dpeg_oklobed_lair
D:9:      basic_altar
Temple:   kilobyte_greek_temple

Skill      XL: |  1  2  3  4  5  6  7  8  9 |
---------------+----------------------------+-----
Stealth        | 2 4 5 6 7 9 |  9.5
Slings         | 1 3 5 6 7 |  7.3
Unarmed Combat | 2 4 |  4.0
Fighting       | 2 3 |  3.0
Dodging        | 3 |  3.7
Spellcasting   | 2 3 |  3.0
Transmutations | 2 3 |  3.2
Evocations     | 4 |  4.5
Shields        | 1 |  1.7
Invocations    | 1 |  1.0
Short Blades   | |  1.0

Action                   |  1- 3 |  4- 6 |  7- 9 || total
-------------------------+-------+-------+-------++-------
Melee: Short sword       |    45 |    32 |     1 ||    78
       Constrict         |    11 |    16 |    63 ||    90
       Tentacles         |     8 |    12 |    79 ||    99
       Trident           |       |    31 |     8 ||    39
       Quarterstaff      |       |       |    26 ||    26
       Flail             |       |       |   199 ||   199
       Punch             |       |       |     4 ||     4
       Unarmed           |       |       |    72 ||    72
       Kick              |       |       |    52 ||    52
 Fire: Hunting sling     |     4 |       |    16 ||    20
 Abil: Evoke Invisibilit |       |       |     1 ||     1
Evoke: Wand              |     6 |    19 |    11 ||    36
  Use: Scroll            |     2 |       |     7 ||     9
       Potion            |       |       |     9 ||     9
 Stab: Sleeping          |     2 |     3 |    21 ||    26
       Paralysed         |     2 |       |       ||     2
       Distracted        |     1 |       |     2 ||     3
  Eat: Chunk             |       |     2 |    15 ||    17
       Bread ration      |       |     1 |       ||     1
Armor: Skin              |    12 |     2 |    93 ||   107
Dodge: Dodged            |    34 |    38 |   212 ||   284
Block: Buckler           |       |       |    31 ||    31
